 Dungeon Crawl Stone Soup version 0.20-a0-971-g5896763 (webtiles) character file.

404 Gorglomux the Chopper (level 6, -5/51 HPs)
             Began as a Draconian Berserker on Apr 8, 2017.
             Was a Priest of Trog.
             Slain by a gnoll
             ... wielding a +0 halberd
              (9 damage)
             ... on level 4 of the Dungeon.
             The game lasted 00:06:27 (2845 turns).

Gorglomux the Chopper (Draconian Berserker)         Turns: 2845, Time: 00:06:28

Health: -5/51      AC:  6    Str: 20    XL:     6   Next: 56%
Magic:  6/6        EV: 13    Int:  7    God:    Trog [***...]
Gold:   61         SH:  0    Dex: 17    Spells: 5/5 levels left

rFire    . . .     SeeInvis .   a - +0 hand axe
rCold    . . .     Gourm    .   (no shield)
rNeg     . . .     Faith    .   (armour unavailable)
rPois    .         Spirit   .   (helmet restricted)
rElec    .         Reflect  .   (no cloak)
rCorr    .         Harm     .   (no gloves)
MR       .....                  (no boots)
Stlth    +++.......             (no amulet)
Regen    0.2/turn               x - ring of stealth
MPRegen  0.1/turn               C - +5 ring of dexterity

@: exhausted, slowed, very slow
A: unfitting armour, cold-blooded, AC +6
a: Berserk, Trog's Hand, Burn Spellbooks, Renounce Religion


You were on level 4 of the Dungeon.
You worshipped Trog.
Trog was most pleased with you.
You were very hungry.

You visited 1 branch of the dungeon, and saw 4 of its levels.
You also visited: Sewer.

You collected 209 gold pieces.
You spent 148 gold pieces at shops.

Inventory:

Hand Weapons
 a - a +0 hand axe (weapon)
Armour
 A - +0 gold dragon scales
Jewellery
 x - a ring of stealth (left hand)
 C - a +5 ring of dexterity (right hand)
Scrolls
 d - 2 scrolls of remove curse
 g - 3 scrolls of enchant weapon {unknown}
 i - 2 scrolls of identify {unknown}
 j - 3 scrolls of amnesia {unknown}
 l - a scroll of blinking {unknown}
 m - 2 scrolls of immolation {unknown}
 o - 5 scrolls of teleportation {unknown}
 p - a scroll of enchant armour {unknown}
 t - 2 scrolls of magic mapping {unknown}
 y - a scroll of noise {unknown}
Potions
 h - a potion of curing {unknown}
 k - 4 potions of agility {unknown}
 n - 4 potions of heal wounds {unknown}
 s - a potion of mutation {unknown}
 v - 2 potions of haste {unknown}
 B - a potion of might {unknown}
Comestibles
 b - 3 bread rations
 c - 5 meat rations
 r - 3 royal jellies
 u - 2 fruits
 z - 16 chunks of flesh


   Skills:
 - Level 3.2 Fighting
 + Level 7.5 Axes
 - Level 2.6 Dodging


You had 5 spell levels left.
You didn't know any spells.

Dungeon Overview and Level Annotations

Branches:
Dungeon (4/15)
 Temple: D:4-7

Altars:
Ashenzari
Trog

Shops:
D:4 *


Innate Abilities, Weirdness & Mutations

Your plain brown scales are hard. (AC +6)
You cannot fit into any form of body armour.
You are cold-blooded and may be slowed by cold attacks.


Message History

The gnoll hits you from afar with a halberd!
You rip the net and break free!
The gnoll misses you. The gnoll closely misses you.
You slash the gnoll!
Your tail-slap misses the gnoll.
The gnoll is severely wounded.
The gnoll hits you. The gnoll closely misses you. The gnoll hits you.
* * * LOW HITPOINT WARNING * * *
Unknown command.
You slash the gnoll!
You kill the gnoll!
Trog accepts your kill. The gnoll closely misses you.
Unknown command.
The gnoll closely misses you.
Items here: ( )) [ a throwing net; a whip x2; a leather armour You closely miss the gnoll.
The gnoll hits you with a halberd!
* * * LOW HITPOINT WARNING * * *
The gnoll hits you with a halberd!
You die...

##################
.................#
################.#
#### #.# ...# #.#
##.## #.# ....#
#@# ....#
#.g.....# ....#
#.......# .....#
#.......# ...#.#
#.......# ...# #
#......... ####
#.##.##.#. .. ..
..


You could see a gnoll.

Vanquished Creatures
  Purgy (Sewer)
  A gnoll shaman (D:4)
  3 orc wizards
  Jessica (D:2)
  2 gnolls (D:4)
  5 adders
  An ooze (D:1)
  2 worms (D:4)
  3 dart slugs
  3 leopard geckos
  12 orcs
  6 giant cockroaches
  6 goblins
  3 hobgoblins
  10 jackals
  A quokka (D:3)
  A ball python (D:1)
  10 bats
  5 frilled lizards
  3 kobolds
  10 rats
89 creatures vanquished.

Notes
Turn   | Place    | Note
-------+----------+-------------------------------------------
     0 | D:1      | Gorglomux the Draconian Berserker began the quest for the Orb.
     0 | D:1      | Reached XP level 1. HP: 19/19 MP: 1/1
   450 | D:1      | Reached XP level 2. HP: 26/26 MP: 2/2
   685 | D:1      | Reached skill level 4 in Axes
   772 | D:2      | Reached XP level 3. HP: 31/31 MP: 3/3
   937 | D:2      | Found a shattered altar of Ashenzari.
   979 | D:2      | Noticed Jessica
  1189 | D:2      | Killed Jessica
  1189 | D:2      | Reached ** piety under Trog
  1189 | D:2      | Reached XP level 4. HP: 38/38 MP: 4/4
  1336 | D:3      | Reached skill level 5 in Axes
  1559 | D:3      | Found a faded altar of an unknown god.
  1783 | D:3      | Reached XP level 5. HP: 45/45 MP: 5/5
  2313 | D:3      | Reached skill level 6 in Axes
  2373 | D:4      | Noticed a moth of wrath
  2376 | D:4      | Found a bloodstained altar of Trog.
  2496 | D:4      | Reached *** piety under Trog
  2522 | D:4      | Found a glowing drain.
  2603 | Sewer    | Entered a sewer
  2641 | Sewer    | Noticed Purgy
  2654 | Sewer    | Killed Purgy
  2654 | Sewer    | Reached XP level 6. HP: 51/51 MP: 6/6
  2738 | D:4      | Reached skill level 7 in Axes
  2758 | D:4      | Found Buoci's Assorted Antiques.
  2773 | D:4      | Bought a purple potion for 17 gold pieces
  2773 | D:4      | Bought a tubular tourmaline ring for 95 gold pieces
  2773 | D:4      | Bought a scroll labeled DIT NUSTIUQUW for 19 gold pieces
  2773 | D:4      | Bought a dark potion for 17 gold pieces
  2845 | D:4      | Slain by a gnoll

Vault maps used:
D:1:      dpeg_arrival_shelter, minmay_gold_behind_fungi
D:2:      lemuel_round_altar, uniq_jessica
D:3:      chequers_ecumenical_altar_simple_redux
D:4:      minmay_temple_entry_junction_2, serial_shops, shop,
          portal_sewer_entry_f, tgw_trog, uniq_natasha
Sewer:    sewer_big_baddie

Skill      XL: |  1  2  3  4  5  6 |
---------------+-------------------+-----
Axes           | 4 5 6 7 |  7.5
Fighting       | |  3.2
Dodging        | |  2.6

Action                   |  1- 3 |  4- 6 || total
-------------------------+-------+-------++-------
Melee: Hand axe          |    69 |   172 ||   241
       Tailslap          |     8 |    19 ||    27
Invok: Berserk           |     3 |     8 ||    11
  Use: Scroll            |       |     1 ||     1
 Stab: Sleeping          |       |     4 ||     4
  Eat: Chunk             |     3 |    12 ||    15
Armor: Skin              |    26 |    50 ||    76
Dodge: Dodged            |    48 |   129 ||   177
